 Dungeon Crawl Stone Soup version 0.29-a0-823-gc37b157 (webtiles) character file.

Game seed: 172269072400872394

14 GeorgeSoros the Vexing (level 2, 0/18 HPs)
             Began as an Octopode Arcane Marksman on July 8, 2022.
             Slain by a jackal (1 damage)
             ... on level 1 of the Dungeon.
             The game lasted 00:03:09 (655 turns).

GeorgeSoros the Vexing (Octopode Arcane Marksman)    Turns: 655, Time: 00:03:10

Health: 0/18       AC:  1    Str:  9    XL:     2   Next: 41%
Magic:  2/3        EV: 13    Int: 15    God:
Gold:   33         SH:  0    Dex: 12    Spells: 2/3 levels left

rFire   . . .      SeeInvis .   a - +0 sling
rCold   . . .      Faith    .   (no shield)
rNeg    . . .      Spirit   .   (helmet restricted)
rPois   .          Reflect  .   (no amulet)
rElec   .          Harm     .   (no ring)
rCorr   .          Rampage  .   (no ring)
Will    .....                   (no ring)
Stlth   ++........              (no ring)
HPRegen 0.06/turn               (no ring)
MPRegen 0.08/turn               (no ring)
                                (no ring)
                                (no ring)

@: no status effects
A: almost no armour, amphibious, 8 rings, camouflage 1, gelatinous body 1,
(nimble swimmer 1), tentacles
a: no special abilities


You were on level 1 of the Dungeon.
You visited 1 branch of the dungeon, and saw 1 of its levels.

You collected 33 gold pieces.

Inventory:

Hand Weapons
 a - a +0 sling (weapon)
Scrolls
 b - 3 scrolls of vulnerability
 e - a scroll of identify {unknown}
 g - a scroll of amnesia {unknown}
Potions
 c - 2 potions of heal wounds {unknown}
 d - a potion of berserk rage {unknown}
 f - 2 potions of lignification {unknown}


   Skills:
 - Level 1.0 Fighting
 + Level 2.3 Ranged Weapons
 + Level 2.3 Dodging
 - Level 1.0 Spellcasting
 + Level 3.2 Hexes


You had 2 spell levels left.
You knew the following spells:

 Your Spells              Type           Power      Damage    Failure   Level
a - Slow                  Hex            40%        N/A       6%          1

Your spell library contained the following spells:

 Spells                   Type           Power      Damage    Failure   Level
 Inner Flame              Hex/Fire       5%         N/A       36%         3
 Portal Projectile        Hex/Tloc       10%        N/A       36%         3
 Cause Fear               Hex            5%         N/A       54%         4


Dungeon Overview and Level Annotations

Branches:
Dungeon (1/15)

Altars:


Innate Abilities, Weirdness & Mutations

You cannot wear most types of armour.
You are amphibious.
You can wear up to eight rings at the same time.
Your skin changes colour to match your surroundings (Stealth+).
Your rubbery body absorbs attacks. (AC +1, EV +1)
((You are camouflaged when in or above water. (Stealth+)))
You have tentacles for arms and can constrict up to eight enemies at once.


Message History

Aim: a jackal (slow, 45% to hit)
You shoot a sling bullet.
The sling bullet closely misses the jackal.
The jackal closely misses you.
Fire: a) +0 sling
Press: ? - help, Shift-Dir - straight line, f/p - jackal
Aim: a jackal (slow, 45% to hit)
You shoot a sling bullet. The sling bullet misses the jackal.
The jackal barely misses you.
Fire: a) +0 sling
Press: ? - help, Shift-Dir - straight line, f/p - jackal
Aim: a jackal (slow, 45% to hit)
You shoot a sling bullet.
The sling bullet barely misses the jackal.
The jackal completely misses you.
Fire: a) +0 sling
Press: ? - help, Shift-Dir - straight line, f/p - jackal
Aim: a jackal (slow, 45% to hit)
You shoot a sling bullet.
The sling bullet barely misses the jackal.
The jackal is no longer moving slowly.
The jackal barely misses you. x2
Fire: a) +0 sling
Press: ? - help, Shift-Dir - straight line, f/p - jackal
Aim: a jackal (45% to hit)
You shoot a sling bullet.
The sling bullet closely misses the jackal.
The jackal barely misses you.
Fire: a) +0 sling
Press: ? - help, Shift-Dir - straight line, f/p - jackal
Aim: a jackal (45% to hit)
You shoot a sling bullet. The sling bullet hits the jackal.
The jackal is moderately wounded.
The jackal barely misses you. The jackal misses you.
Fire: a) +0 sling
Press: ? - help, Shift-Dir - straight line, f/p - jackal
Aim: a jackal (lightly wounded, 45% to hit)
You shoot a sling bullet.
The sling bullet closely misses the jackal.
The jackal bites you.
You die...

##........).....####.......<.....
#................# #...###...###.
#................# #..## ##.##
#................# #.#### #.# #
#....>...........###....###.## .
#..................#....##...##..
............)....#......#.....#..
.................#...............
..#.............@h...........?...
..#####..#.#........#............
.## ##....#.......).##.#.#..#..
.### #####.....##.#....#.....##..
...###.........##...##.....#.# .
.#.##..###........#.#.....##.# #
..............(...#.....####.#
.####.................... ... .#
#.####.....###......


You could see a jackal.

Vanquished Creatures
  An endoplasm (D:1)
  A hobgoblin (D:1)
  A jackal (D:1)
  A kobold (D:1)
  2 quokkas (D:1)
  2 bats (D:1)
  2 frilled lizards (D:1)
  A goblin (D:1)
  3 rats (D:1)
14 creatures vanquished.

Notes
Turn   | Place    | Note
-------+----------+-------------------------------------------
     0 | D:1      | GeorgeSoros the Octopode Arcane Marksman began the quest
                  | for the Orb.
     0 | D:1      | Reached XP level 1. HP: 13/13 MP: 2/2
   107 | D:1      | Found a faded altar of an unknown god.
   133 | D:1      | Reached XP level 2. HP: 18/18 MP: 1/3
   655 | D:1      | Slain by a jackal

Illustrated notes

Levels and vault maps discovered:
D:1:      roderic_crossed_star, layout_rooms,
          hellmonk_ecumenical_altar_pennies_from_heaven, minmay_misc_feat_room,
          nrook_mini_vaults

Action                   || total
-------------------------++-------
 Fire: Sling             ||    66
 Cast: Slow              ||    12
Armor: Skin              ||     2
Dodge: Dodged            ||    32

Table legend: (Time is in decaauts)
 A = Elapsed time spent in this place.
 B = Non-inter-level travel time spent in this place.
 C = Inter-level travel time spent in this place.
 D = Time resting spent in this place.
 E = Time spent auto-exploring this place.
 F = Levels seen in this place.
 G = Mean time per level.
                   A        B        C        D        E       F      G
               +--------+--------+--------+--------+--------+-----+--------+
         Total |    673 |    673 |      0 |    255 |    243 |   1 |  673.0 |
       Dungeon |    673 |    673 |      0 |    255 |    243 |   1 |  673.0 |
               +--------+--------+--------+--------+--------+-----+--------+

Top non-repeatable levels by time:
     D:1: 673 daAuts
